 Dungeon Crawl Stone Soup version 0.24.0-13-gcf9b319 (webtiles) character file.

Game seed: 15339697437728893897, levelgen mode: deterministic

3349 0gre the Archer (level 9, -1/118 HPs)
             Began as a Minotaur Berserker on Nov 14, 2019.
             Was an Elder of Trog.
             Succumbed to a hornet's poison
             ... on level 8 of the Dungeon on Nov 15, 2019.
             The game lasted 00:38:19 (6752 turns).

0gre the Archer (Minotaur Berserker)                Turns: 6752, Time: 00:38:19

Health: -1/118     AC: 10    Str: 29    XL:     9   Next: 72%
Magic:  8/8        EV: 15    Int:  4    God:    Trog [****..]
Gold:   290        SH:  0    Dex: 14    Spells: 8/8 levels left

rFire    . . .     SeeInvis .   a - +0 flail
rCold    + . .     Gourm    +   (no shield)
rNeg     . . .     Faith    .   s - +1 ring mail
rPois    .         Spirit   .   (helmet restricted)
rElec    .         Reflect  .   f - +1 cloak
rCorr    .         Harm     .   (no gloves)
MR       .....     Rnd*Tele +   g - +0 pair of boots
Stlth    ..........             t - amulet of the gourmand
HPRegen  0.29/turn              x - ring of teleportation (curse)
MPRegen  0.11/turn              G - +3 ring of dexterity

@: berserking, lethally poisoned (-1 -> -7), slowed
A: retaliatory headbutt, hooves 1, horns 2, cold resistance 1, sturdy frame 1
a: Berserk, Trog's Hand, Brothers in Arms, Renounce Religion


You were on level 8 of the Dungeon.
You worshipped Trog.
Trog was greatly pleased with you.
You were near starving.

You visited 1 branch of the dungeon, and saw 9 of its levels.
You also visited: Sewer.

You collected 290 gold pieces.

Inventory:

Hand Weapons
 a - a +0 flail (weapon)
 b - a +0 shortbow
 c - a +0 falchion
 d - a +3 rapier of freezing
Missiles
 j - 233 arrows
 o - 20 poisoned darts (quivered)
 B - 189 stones
Armour
 f - a +1 cloak (worn)
 g - a +0 pair of boots (worn)
 s - a +1 ring mail (worn)
 H - a scarf of cloud immunity
Jewellery
 t - an amulet of the gourmand (around neck)
 x - a cursed ring of teleportation (left hand)
 G - a +3 ring of dexterity (right hand)
Wands
 m - a wand of enslavement (8)
 q - a wand of digging (3)
 E - a wand of flame (29)
 F - a wand of clouds (7)
Scrolls
 v - 2 scrolls of immolation {unknown}
 w - 2 scrolls of fog
 y - 2 scrolls of blinking
 A - a scroll of magic mapping {unknown}
 D - 4 scrolls of enchant weapon
 I - a scroll of fear
 K - a scroll of silence {unknown}
Potions
 e - 2 potions of brilliance {unknown}
 h - 2 potions of lignification {unknown}
 i - 2 potions of agility
 k - 2 potions of might
 l - 7 potions of curing
 n - a potion of cancellation {unknown}
 p - 2 potions of heal wounds {unknown}
 r - 2 potions of haste
 u - 2 potions of flight {unknown}
 C - a potion of magic {unknown}
 J - a potion of berserk rage {unknown}
Comestibles
 z - 19 rations


   Skills:
 + Level 7.5 Fighting
 + Level 0.2(4.3) Short Blades
 + Level 7.6(7.7) Long Blades
 + Level 4.9 Maces & Flails
 + Level 8.0 Bows
 + Level 2.8 Throwing
 + Level 5.8 Armour
 + Level 5.9 Dodging


You had 8 spell levels left.
You didn't know any spells.
Your spell library was empty.

Dungeon Overview and Level Annotations

Branches:
Dungeon (9/15)             Temple (0/1) D:7           Sewer (visited)
   Lair: D:8-11         Orc: D:9-12

Altars:
Cheibriados
Hepliaklqana
Kikubaaqudgha
Makhleb
Okawaru
Qazlal
Ru
Sif Muna
Vehumet
Wu Jian
Yredelemnul
The Shining One


Innate Abilities, Weirdness & Mutations

You reflexively headbutt those who attack you in melee.
You have a pair of horns on your head.
You have large cloven feet.
Your flesh is cold resistant. (rC+)
Your movements are slightly less encumbered by armour. (ER -2)


Message History

Unknown command.
A red film seems to cover your vision as you go berserk!
You feel yourself moving faster!
You feel mighty!
You are feeling very hungry.
You are near starving!
The hornet stings you but does no damage.
The hornet barely misses you. You furiously retaliate!
You headbutt the hornet! The phantom barely misses you.
You furiously retaliate!
You headbutt the phantom! You sock the hornet! You headbutt the hornet!
The hornet is almost dead.
The hornet barely misses you. You furiously retaliate!
You headbutt the hornet. The phantom hits you.
* * * LOW HITPOINT WARNING * * *
The hornet stings you!
* * * LOW HITPOINT WARNING * * *
You are lethally poisoned!
You feel as though you will be slow longer.
You closely miss the hornet. Your headbutt misses the hornet.
The hornet is almost dead.
You die...

..........# #..
....[.....# #....#
..........##### #.
....####
#.............## ..
..# ##.
..........###..#####.#
. #.. ..........#
##..#....### ####..
..<.......#
##..?...... .....
..........#
####.##.#.# ##...
..........# #..W@# #
#....
#........###..#..y#
#...#.< ##......## #.
##.... ........
...##### # ###....
.#...#.. ..#.. ..##..
.... #.. . ## ... #
........ ##. ....#...
.. ... #..# . ....#


You could see a phantom and a hornet.

Vanquished Creatures
  Grinder (D:6)
  A hippogriff (D:8)
  Sigmund (D:2)
  Eustachio (D:5)
  A wyvern (D:8)
  A hungry ghost (D:8)
  Duvessa (D:6)
  An orc warrior (D:9)
  2 ice beasts
  An ogre (D:9)
  A phantom (D:8)
  3 centaurs
  A big kobold (Sewer)
  4 bullfrogs
  Dowan (D:6)
  2 wyvern skeletons
  2 scorpions
  A howler monkey (D:4)
  A vampire bat (D:2)
  5 crimson imps
  4 hounds
  3 orc priests
  7 orc wizards
  Crazy Yiuf (D:2)
  An iguana (D:7)
  3 worker ants
  12 adders
  4 river rats
  An adder skeleton (D:9)
  3 worms
  A dart slug (D:3)
  6 leopard geckos
  17 orcs
  2 bat skeletons (D:2)
  3 bat zombies (D:2)
  12 giant cockroaches
  4 goblins
  5 hobgoblins
  8 jackals
  9 kobolds
  3 quokkas
  A ball python skeleton (D:4)
  6 bats
  6 frilled lizards
  A giant cockroach zombie (D:5)
  A leopard gecko zombie (D:8)
  A quokka skeleton (D:5)
  12 rats
169 creatures vanquished.

Notes
Turn   | Place    | Note
-------+----------+-------------------------------------------
     0 | D:1      | 0gre the Minotaur Berserker began the quest for the Orb.
     0 | D:1      | Reached XP level 1. HP: 19/19 MP: 0/0
   209 | D:1      | Reached XP level 2. HP: 25/27 MP: 1/1
   717 | D:2      | Reached XP level 3. HP: 29/33 MP: 2/2
   753 | D:2      | Noticed Sigmund
   781 | D:2      | Killed Sigmund
   781 | D:2      | Reached skill level 5 in Long Blades
   781 | D:2      | Reached skill level 1 in Throwing
   781 | D:2      | Reached XP level 4. HP: 8/41 MP: 3/3
   781 | D:2      | Reached XP level 5. HP: 9/47 MP: 4/4
   956 | D:2      | Reached ** piety under Trog
  1173 | D:2      | Found a sacrificial altar of Ru.
  1370 | D:2      | Found an ancient bone altar of Kikubaaqudgha.
  1385 | D:2      | Reached skill level 5 in Fighting
  1385 | D:2      | Reached XP level 6. HP: 49/56 MP: 5/5
  1578 | D:2      | Found a runed translucent door.
  1579 | D:2      | Noticed Crazy Yiuf
  1584 | D:2      | Killed Crazy Yiuf
  1799 | D:3      | Found an ornate altar of the Wu Jian Council.
  2161 | D:3      | Found a glowing golden altar of the Shining One.
  2233 | D:3      | Reached *** piety under Trog
  2264 | D:3      | Gained mutation: You are partially covered in icy blue
                  | scales. (AC +2) [potion of mutation]
  2264 | D:3      | Gained mutation: You are agile. (Dex +2) [potion of
                  | mutation]
  2264 | D:3      | Gained mutation: You expend magic power (3 MP) to
                  | strengthen your wands. [potion of mutation]
  2264 | D:3      | Gained mutation: Your movements are slightly less
                  | encumbered by armour. (ER -2) [potion of mutation]
  2265 | D:3      | Lost mutation: You are agile. (Dex +2) [potion of mutation]
  2265 | D:3      | Lost mutation: You are partially covered in icy blue
                  | scales. (AC +2) [potion of mutation]
  2265 | D:3      | Lost mutation: You expend magic power (3 MP) to strengthen
                  | your wands. [potion of mutation]
  2265 | D:3      | Gained mutation: Your flesh is cold resistant. (rC+)
                  | [potion of mutation]
  2265 | D:3      | Gained mutation: You have large cloven feet. [potion of
                  | mutation]
  2627 | D:4      | Got a translucent dagger
  2628 | D:4      | Identified the +7 dagger of Putrescence {pierce, Str+5
                  | SInv} (You found it on level 4 of the Dungeon)
  2711 | D:4      | Found a hazy altar of Hepliaklqana.
  2723 | D:4      | Reached XP level 7. HP: 56/61 MP: 6/6
  2765 | D:4      | Found a glowing drain.
  2792 | Sewer    | Entered a sewer
  2870 | Sewer    | Reached skill level 1 in Maces & Flails
  2913 | Sewer    | Found a white marble altar of Elyvilon.
  3083 | D:4      | Got an iridescent dagger
  3084 | D:4      | Identified the cursed +3 dagger "Xaacoraw" {pain, +Inv
                  | rPois} (You found it on level 4 of the Dungeon)
  3221 | D:4      | Reached **** piety under Trog
  3563 | D:5      | Entered Level 5 of the Dungeon
  3672 | D:5      | Reached skill level 5 in Armour
  3709 | D:5      | Reached XP level 8. HP: 63/70 MP: 7/7
  3803 | D:5      | Reached skill level 1 in Bows
  4016 | D:5      | Noticed Eustachio
  4035 | D:5      | Killed Eustachio
  4035 | D:5      | Reached skill level 2 in Bows
  4273 | D:6      | Noticed Grinder
  4282 | D:6      | Reached skill level 3 in Bows
  4315 | D:6      | Paralysed by Grinder for 2 turns
  4319 | D:6      | Paralysed by Grinder for 4 turns
  4325 | D:6      | Killed Grinder
  4325 | D:6      | Reached skill level 4 in Bows
  4372 | D:6      | Noticed Duvessa
  4373 | D:6      | Noticed Dowan
  4397 | D:6      | Killed Duvessa
  4403 | D:6      | Killed Dowan
  4403 | D:6      | Reached skill level 5 in Bows
  4847 | D:6      | Found an iron altar of Okawaru.
  5319 | D:7      | You fall into a shaft and drop 2 floors!
  5377 | D:9      | Reached skill level 6 in Bows
  5377 | D:9      | Reached XP level 9. HP: 69/78 MP: 8/8
  5447 | D:9      | Reached skill level 5 in Dodging
  5564 | D:8      | Found a hazy altar of Hepliaklqana.
  5653 | D:7      | Reached skill level 7 in Bows
  5716 | D:7      | Reached ***** piety under Trog
  5716 | D:7      | Received a gift from Trog
  5750 | D:7      | Found a stormy altar of Qazlal.
  5750 | D:7      | Found a radiant altar of Vehumet.
  5930 | D:7      | Found a burning altar of Makhleb.
  5975 | D:7      | Found a staircase to the Ecumenical Temple.
  6032 | D:7      | Found a basalt altar of Yredelemnul.
  6254 | D:7      | Found a shimmering blue altar of Sif Muna.
  6426 | D:7      | Found a snail-covered altar of Cheibriados.
  6747 | D:8      | Reached skill level 8 in Bows
  6747 | D:8      | Paralysed by a hornet for 3 turns
  6751 | D:8      | HP: 1/118 [hornet (11)]
  6752 | D:8      | Succumbed to a hornet's poison

Levels and vault maps discovered:
D:1:      shiori_arrival_elements, layout_basic
D:2:      cheibrodos_helix_gallery, layout_basic,
          nicolae_ru_great_annihilating_truth, kennysheep_vampire_church,
          serial_bayou_pond_a, minmay_fountain_box, uniq_crazy_yiuf_cottage,
          uniq_sigmund
D:3:      minmay_roachtagon, layout_loops_ring, lemuel_doored_altar,
          nicolae_overflow_crystal_walls
D:4:      layout_basic, overflow_temple_1_default, first_ration,
          portal_sewer_entry_b
D:5:      wander_river, layout_loops_ring, hangedman_abyss_or_decor_lesser_grid,
          uniq_eustachio
D:6:      layout_loops_ring, nicolae_overflow_hidden_temple, st_stairs_6,
          minivault_5, chequers_serial_rivers_micro_c, uniq_duvessa,
          uniq_grinder
D:7:      layout_layer_cave, overflow_temple_1_default, kennysheep_mini,
          kennysheep_little_box, lemuel_crystal_altar,
          chequers_temple_overflow_statue_of_worship,
          minmay_temple_entry_steel_oval
D:8:      layout_rooms, basic_altar
D:9:      layout_basic, grunt_dithmenos_smoke_and_mirrors, david_lair_shrubbed,
          grunt_ogre_cave, evilmike_ruin_ashenzari, uniq_erolcha

Skill      XL: |  1  2  3  4  5  6  7  8  9 |
---------------+----------------------------+-----
Fighting       | 4 5 6 7 |  7.5
Long Blades    | 4 5 6 7 |  7.6
Throwing       | 1 2 |  2.8
Armour         | 3 4 5 |  5.8
Dodging        | 3 4 5 |  5.9
Maces & Flails | 3 4 |  4.9
Bows           | 6 8 |  8.0
Short Blades   | |  0.2

Action                   |  1- 3 |  4- 6 |  7- 9 || total
-------------------------+-------+-------+-------++-------
Melee: Falchion          |    57 |   113 |    55 ||   225
       Headbutt          |     8 |    21 |    62 ||    91
       Dagger            |       |    10 |     4 ||    14
       Kick              |       |     8 |    13 ||    21
       Flail             |       |     6 |   166 ||   172
       Rapier            |       |       |    10 ||    10
 Fire: Shortbow          |       |       |    99 ||    99
Throw: Stone             |    24 |    42 |     5 ||    71
       Dart              |       |     2 |    11 ||    13
Invok: Berserk           |     1 |     1 |     3 ||     5
  Use: Scroll            |     3 |     3 |    11 ||    17
       Potion            |       |     2 |       ||     2
  Eat: Chunk             |       |     4 |    34 ||    38
       Ration            |       |     1 |       ||     1
Armor: Animal skin       |     2 |       |       ||     2
       Robe              |     1 |       |       ||     1
       Ring mail         |    10 |    43 |   111 ||   164
Dodge: Dodged            |    24 |    86 |   197 ||   307
       Rpst.: Falchion   |     5 |    24 |     9 ||    38
